 Dungeon Crawl Stone Soup version 0.29.1-2-gbd0b4ee654 (webtiles) character file.

Game seed: 497804562167024767

53 Arcadio the Shooter (level 3, -1/31 HPs)
             Began as a Minotaur Hunter on Nov 3, 2022.
             Slain by a gnoll
             ... wielding a +0 club
              (4 damage)
             ... on level 2 of the Dungeon.
             The game lasted 00:03:19 (1361 turns).

Arcadio the Shooter (Minotaur Hunter)               Turns: 1361, Time: 00:03:20

Health: -1/31      AC:  3    Str: 15    XL:     3   Next: 62%
Magic:  2/2        EV: 12    Int:  6    God:
Gold:   86         SH:  0    Dex: 15    Spells: 2/2 levels left

rFire   . . .      SeeInvis .   a - +0 shortbow
rCold   . . .      Faith    .   (shield currently unavailable)
rNeg    . . .      Spirit   .   c - +0 leather armour
rPois   .          Reflect  .   (helmet restricted)
rElec   .          Harm     .   (no cloak)
rCorr   .          Rampage  .   (no gloves)
Will    .....                   (no boots)
Stlth   ++........              (no amulet)
HPRegen 0.10/turn               h - ring of wizardry
MPRegen 0.08/turn               (no ring)

@: no status effects
A: horns 2, retaliatory headbutt
a: no special abilities


You were on level 2 of the Dungeon.
You visited 1 branch of the dungeon, and saw 2 of its levels.

You collected 86 gold pieces.

Inventory:

Hand Weapons
 a - a +0 shortbow (weapon)
 e - a +0 short sword
Armour
 c - a +0 leather armour (worn)
 i - a +0 plate armour
Jewellery
 h - a ring of wizardry (left hand)
Scrolls
 b - a scroll of immolation
 f - a scroll of magic mapping {unknown}
 k - 2 scrolls of identify {unknown}
 l - a scroll of teleportation {unknown}
 n - a scroll of vulnerability {unknown}
 p - a scroll of torment {unknown}
Potions
 d - 2 potions of curing {unknown}
 g - a potion of cancellation {unknown}
 j - a potion of flight {unknown}
 m - a potion of degeneration {unknown}
 o - a potion of mutation {unknown}


   Skills:
 + Level 3.3 Fighting
 + Level 4.9 Ranged Weapons
 + Level 1.0 Armour
 - Level 2.6 Dodging
 - Level 1.3 Stealth


You had 2 spell levels left.
You didn't know any spells.
Your spell library contained the following spells:

 Spells                   Type           Power      Damage    Failure   Level
 Magic Dart               Conj           0%         1d3       24%         1
 Searing Ray              Conj           0%         2d4       34%         2
 Confusing Touch          Hex            0%         N/A       56%         3
 Fulminant Prism          Conj/Hex       0%         3d6       91%         4
 Iskenderun's Mystic Bla  Conj/Tloc      0%         2d3       91%         4
 Lee's Rapid Deconstruct  Erth           0%         3d5*      99%         5
 Yara's Violent Unravell  Hex/Tmut       0%         3d3       99%         5
 Enfeeble                 Hex            0%         N/A       100%        7


Dungeon Overview and Level Annotations

Branches:
Dungeon (2/15) Zot: 10612

Altars:


Innate Abilities, Weirdness & Mutations

You have a pair of horns on your head.
You reflexively headbutt those who attack you in melee.


Message History

You hear a shout!
The gnoll misses you. You furiously retaliate!
You headbutt the gnoll.
Fire: a) +0 shortbow
Press: ? - help, Q - select action Shift-Dir - straight line, f/p - gnoll
Aim: a gnoll, wielding a +0 club (heavily wounded, 65% to hit)
You shoot an arrow. The arrow hits the gnoll.
The gnoll is severely wounded.
The gnoll hits you with a +0 club!
Fire: a) +0 shortbow
Press: ? - help, Q - select action Shift-Dir - straight line, f/p - gnoll
Aim: a gnoll, wielding a +0 club (severely wounded, 65% to hit)
You shoot an arrow. The arrow barely misses the gnoll.
The gnoll hits you with a +0 club. x2; The gnoll misses you.
Fire: a) +0 shortbow
Press: ? - help, Q - select action Shift-Dir - straight line, f/p - gnoll
Aim: a gnoll, wielding a +0 club (severely wounded, 65% to hit)
You shoot an arrow. The arrow hits the gnoll.
You kill the gnoll!
The gnoll hits you with a +0 club.
Your Armour skill increases to level 1!
Fire: a) +0 shortbow
Press: ? - help, Q - select action Shift-Dir - straight line, f - gnoll
Aim: a gnoll, wielding a +0 club (65% to hit)
You shoot an arrow. The arrow barely misses the gnoll.
The arrow hits the gnoll!
The gnoll is severely wounded.
The gnoll hits you with a +0 club.
* * * LOW HITPOINT WARNING * * *
The gnoll attacks as you move away! The gnoll hits you with a +0 club.
* * * LOW HITPOINT WARNING * * *
You see here a +0 club.
Fire: a) +0 shortbow
Press: ? - help, Q - select action Shift-Dir - straight line, f/p - gnoll
Aim: a gnoll, wielding a +0 club (65% to hit)
You shoot an arrow. The arrow hits the gnoll!
The gnoll is severely wounded.
The gnoll hits you with a +0 club.
* * * LOW HITPOINT WARNING * * *
The gnoll hits you with a +0 club.
You die...

#######.# .#
........# ..
#######.# .# #.# .#
#.# .# #.# .######
#.# ###....... #.#
#....# #.# #@#..#
#.# ##g#..... #.#
#.g##.#### #.#
##..# g# #.# #...#
.. #.# ##...# ..
#######.#####....##
..
............#.....+
#############....##


You could see 2 gnolls.

Vanquished Creatures
  A gnoll (D:2)
  A dart slug (D:1)
  6 ball pythons
  5 endoplasms
  2 giant cockroaches (D:1)
  A goblin (D:1)
  5 hobgoblins
  5 jackals (D:1)
  2 bats (D:2)
  2 frilled lizards (D:1)
  A kobold (D:1)
  4 rats
35 creatures vanquished.

Notes
Turn   | Place    | Note
-------+----------+-------------------------------------------
     0 | D:1      | Arcadio the Minotaur Hunter began the quest for the Orb.
     0 | D:1      | Reached XP level 1. HP: 18/18 MP: 0/0
   163 | D:1      | Reached skill level 1 in Stealth
   195 | D:1      | Reached XP level 2. HP: 25/25 MP: 1/1
   633 | D:1      | Reached XP level 3. HP: 31/31 MP: 2/2
   875 | D:2      | Found a faded altar of an unknown god.
  1359 | D:2      | Reached skill level 1 in Armour
  1361 | D:2      | Slain by a gnoll

Illustrated notes

Levels and vault maps discovered:
D:1:      doesnt_arrival_eight_statues, layout_loops_ring, minmay_distorted
D:2:      layout_basic, hellmonk_ecumenical_altar_zigzags, grunt_decor_fettered

Skill      XL: |  1  2  3 |
---------------+----------+-----
Stealth        | 1 |  1.3
Fighting       | 3 |  3.3
Armour         | 1 |  1.0
Ranged Weapons | |  4.9
Dodging        | |  2.6

Action                   || total
-------------------------++-------
 Fire: Shortbow          ||    86
Armor: Leather armour    ||    15
Dodge: Dodged            ||    27
